 Dungeon Crawl Stone Soup version 0.28-b1-25-g9875b3fc8c (webtiles) character file.

Game seed: 10358196765496046079

3 sanka the Ruffian (level 1, -2/20 HPs)
             Began as a Djinni Cinder Acolyte on Feb 5, 2022.
             Was a High Priest of Ignis.
             Slain by a goblin (4 damage)
             ... on level 1 of the Dungeon.
             The game lasted 00:00:14 (64 turns).

sanka the Ruffian (Djinni Cinder Acolyte)             Turns: 64, Time: 00:00:15

Health: -2/20      AC:  2    Str: 13    XL:     1   Next: 55%
Gold:   15         EV: 11    Int: 15    God:    Ignis [*****.] SH:  0 Dex:  8

rFire   + + +      SeeInvis .     - Unarmed
rCold   x . .      Faith    .   (no shield)
rNeg    . . .      Spirit   .   a - +0 robe
rPois   ∞          Reflect  .   (no helmet)
rElec   .          Harm     .   (no cloak)
rCorr   .          Rampage  .   (no gloves)
Will    .....                   (boots unavailable)
Stlth   +.........              (no amulet)
HPRegen 0.06/turn               (no ring)
MPRegen 0.00/turn               (no ring)

@: flying
A: sickness immunity, fire resistance 2, cold vulnerability 1, float, innate
caster, HP casting, extra vitality 1
a: Renounce Religion, Fiery Armour, Foxfire Swarm, Rising Flame


You were on level 1 of the Dungeon.
You worshipped Ignis.
Ignis was extremely pleased with you.
You visited 1 branch of the dungeon, and saw 1 of its levels.

You collected 15 gold pieces.

Inventory:

Armour
 a - a +0 robe (worn)


   Skills:
 - Level 3.0 Fighting
 - Level 3.0 Unarmed Combat
 + Level 2.6 Spellcasting


You had 3 spell levels left.
You knew the following spells:

 Your Spells              Type           Power      Damage    Failure   Level
a - Scorch                Fire           18%        2d5       11%         2
Your spell library was empty.

Dungeon Overview and Level Annotations

Branches:
Dungeon (1/15)

Altars:


Innate Abilities, Weirdness & Mutations

You are immune to sickness and miasma.
You are immune to poison.
Your flesh is very heat resistant. (rF++)
You are vulnerable to cold. (rC-)
You float through the air rather than walking.
You learn spells naturally, not from books.
Your magical power is your life essence.
You have superior vitality. (+4 MHP)


Message History

You kill the bat!
The frilled lizard hisses angrily.
You hear a bark! x3
You hear an angry hiss.
You hear a bark!
The kobold hits you with a +2 short sword of draining.
Things that are here:
a +0 short sword; a bat corpse You closely miss the kobold.
The kobold hits you with a +2 short sword of draining.
You closely miss the kobold.
The kobold hits you with a +2 short sword of draining.
You hit the kobold.
The kobold is severely wounded.
The kobold hits you with a +2 short sword of draining.
You barely miss the kobold.
The kobold is severely wounded.
The kobold misses you.
You barely miss the kobold.
The kobold is severely wounded.
The frilled lizard misses you.
The kobold hits you with a +2 short sword of draining.
You hit the frilled lizard.
You kill the frilled lizard!
The kobold hits you with a +2 short sword of draining.
* * * LOW HITPOINT WARNING * * *
You hit the kobold but do no damage.
The kobold is severely wounded.
The kobold barely misses you.
You hit the kobold.
You kill the kobold! 3 jackals come into view.
Found a scroll labelled JODOKO NAVOTH.
The jackal barks! x3; You hear an angry hiss.
A jackal comes into view.
A ball python comes into view.
There is a stone staircase leading down here.
The jackal bites you.
* * * LOW HITPOINT WARNING * * *
The goblin hits you with a +0 dagger.
You die...

###.########...
...............
###.###...##### #
#.#.....# # #.#.#...# ##
# #.......# .#
##....#...# .#
.#.####..########.##.#
...........)l.Kg@....#
##.#.....#######h#:h.S..
#......#### #h# .....
####.###...# .h. .... #
#.# #g..# .... ... #
#.l.# #..?.. .. ....#
#...... . ##...#
###..#.# #...#


You could see 4 jackals, a goblin, a ball python, a kobold and a frilled lizard.

Vanquished Creatures
  A bat (D:1)
  A kobold (D:1)
  A frilled lizard (D:1)
3 creatures vanquished.

Notes
Turn   | Place    | Note
-------+----------+-------------------------------------------
     0 | D:1      | sanka the Djinni Cinder Acolyte began the quest for the
                  | Orb.
     0 | D:1      | Reached XP level 1. HP: 20/20 MP: 0/0
    64 | D:1      | Slain by a goblin

Illustrated notes

Levels and vault maps discovered:
D:1:      heliophobic_arrival_enchanted_forest, layout_basic,
          supply_closet_lemuel

Action                   || total
-------------------------++-------
Melee: Unarmed           ||    12
Armor: Robe              ||     8
Dodge: Dodged            ||    15
